 Dungeon Crawl Stone Soup version 0.28.0-45-g0d030f2227 (webtiles) character file.

Game seed: 12219410539455595325

36899 MisterFreud the Martial Artist (level 13, -2/133 HPs)
             Began as a White Draconian Transmuter on Apr 13, 2022.
             Was a Believer of Ru.
             Slain by Snorg (23 damage)
             ... on level 3 of the Lair of Beasts.
             The game lasted 00:27:25 (25277 turns).

MisterFreud the Martial Artist (DrTm)              Turns: 25277, Time: 00:27:25

Health: -2/133     AC:  8    Str: 13    XL:     13   Next: 55%
Magic:  16/19      EV: 18    Int: 16    God:    Ru [**....]
Gold:   905        SH:  5    Dex: 14    Spells: 11/20 levels left

rFire   x x .      SeeInvis .     - Unarmed
rCold   + + +      Faith    .   (shield currently unavailable)
rNeg    . . .      Spirit   .   (armour unavailable)
rPois   +          Reflect  +   (helmet currently unavailable)
rElec   .          Harm     .   (cloak currently unavailable)
rCorr   .          Rampage  .   (gloves currently unavailable)
Will    .....                   (boots currently unavailable)
Stlth   ..........              D - amulet of reflection
HPRegen 0.32/turn               B - +4 ring of evasion
MPRegen 0.16/turn               G - ring of ice

@: ice-form, weak-willed
A: freezing attack, amphibious, boosted hp, (breathe frost), AC +8, large,
unfitting armour, (cold resistance 1), (cold-blooded), no stealth, unskilled 1
a: End Transformation, Renounce Religion


You were on level 3 of the Lair of Beasts.
You worshipped Ru.
Ru was pleased with you.
You were a creature of crystalline ice.
You visited 3 branches of the dungeon, and saw 17 of its levels.

You collected 1121 gold pieces.
You spent 216 gold pieces at shops.

Inventory:

Missiles
 a - 10 javelins
 n - 2 silver boomerangs
 s - 54 poisoned darts
 L - 15 curare-tipped darts
 P - 3 boomerangs
 Q - 3 boomerangs of dispersal
Armour
 j - a +1 pair of boots (melded)
 p - a +0 pair of gloves (melded)
 K - a +2 hat of see invisible (melded)
Jewellery
 o - an amulet of guardian spirit
 A - an amulet of magic regeneration
 B - a +4 ring of evasion (left front paw)
 D - an amulet of reflection (around neck)
 G - a ring of ice (right front paw)
 H - a ring of poison resistance
 T - a ring of ice
 W - a +6 ring of strength
Wands
 b - a wand of flame (10)
 h - a wand of digging (7)
 m - a wand of mindburst (15)
 r - a wand of acid (8)
 C - a wand of polymorph (12)
 I - a wand of paralysis (2)
 V - a wand of iceblast (6)
Scrolls
 e - 4 scrolls of immolation
 f - 2 scrolls of teleportation
 k - a scroll of summoning
 v - a scroll of fear
 x - a scroll of holy word
 F - a scroll of enchant weapon
 N - a scroll of enchant armour
 Y - a scroll of magic mapping {unknown}
Potions
 c - a potion of attraction
 d - 6 potions of curing
 i - 2 potions of berserk rage
 l - 8 potions of heal wounds
 q - a potion of ambrosia
 t - a potion of magic
 w - 2 potions of invisibility
 z - 3 potions of haste
 J - a potion of cancellation
 M - 2 potions of brilliance
 S - a potion of mutation
 U - a potion of flight
 Z - a potion of resistance
Miscellaneous
 u - a tin of tremorstones (2/2)
 E - a box of beasts
 O - a condenser vane


   Skills:
 + Level 9.4 Fighting
 - Level 10.0 Dodging
 + Level 10.9 Unarmed Combat
 - Level 4.0 Spellcasting
 - Level 8.0 Transmutations
 - Level 4.0 Ice Magic
 - Level 10.0 Evocations


You had 11 spell levels left.
You knew the following spells:

 Your Spells              Type           Power      Damage    Failure   Level
b - Wereblood             Tmut           28%        N/A       1%          2
c - Spider Form           Tmut/Pois      16%        N/A       10%         3
d - Ice Form              Ice/Tmut       33%        N/A       14%         4

Your spell library contained the following spells:

 Spells                   Type           Power      Damage    Failure   Level
 Beastly Appendage        Tmut           56%        N/A       1%          1
 Passwall                 Tmut/Erth      13%        N/A       4%          2
 Sandblast                Erth           6%         2d5       17%         1
 Call Canine Familiar     Summ           3%         N/A       45%         3
 Confusing Touch          Hex            3%         N/A       45%         3
 Portal Projectile        Hex/Tloc       6%         N/A       45%         3
 Stone Arrow              Conj/Erth      6%         3d7       45%         3
 Yara's Violent Unravell  Hex/Tmut       8%         3d5       65%         5
 Leda's Liquefaction      Hex/Erth       1%         N/A       86%         4
 Enfeeble                 Hex            1%         N/A       100%        7


Dungeon Overview and Level Annotations

Branches:
Dungeon (13/15)            Temple (1/1) D:5            Lair (3/6) D:8
  Snake (0/4) Lair:3          Orc (0/2) D:10         Vaults (0/5) D:13
  Swamp: Lair:2-4    Shoals: Lair:2-4

Altars:
Cheibriados
Dithmenos
Gozag
Hepliaklqana
Makhleb
Qazlal
Ru
Vehumet
Beogh

Shops:
D:7 !

Annotations:
Lair:3 Snorg


Innate Abilities, Weirdness & Mutations

You are a creature of crystalline ice.
You have a powerful freezing melee attack.
You are amphibious.
Your maximum health is increased.
Your armour is entirely melded.
You are incapable of wielding weapons or throwing items.
((You can breathe waves of freezing cold which knock back foes.))
((Your icy white scales are hard. (AC +8)))
You cannot fit into any form of body armour.
((Your flesh is cold resistant. (rC+)))
((You are cold-blooded and may be slowed by cold attacks.))
You cannot be stealthy.
You are somewhat unskilled. (-1 Apt)


Message History

Snorg goes berserk!
You hit Snorg. You freeze Snorg.
Snorg is moderately wounded.
Snorg closely misses you. Snorg claws you. x2
You punch Snorg! You freeze Snorg.
Snorg is heavily wounded.
Snorg bites you!! Snorg misses you. Snorg claws you!
You hit Snorg. You freeze Snorg.
Snorg is heavily wounded.
Snorg closely misses you. Snorg completely misses you. Snorg claws you!
The komodo dragon bites you!!
You completely miss Snorg.
Snorg is heavily wounded.
Snorg misses you. x2; Snorg claws you!
The komodo dragon completely misses you.
You hit Snorg. You freeze Snorg.
Snorg is heavily wounded.
Snorg bites you. Snorg claws you but does no damage. Snorg barely misses you.
The komodo dragon barely misses you.
You barely miss Snorg.
Snorg is heavily wounded.
Snorg barely misses you. Snorg claws you.
* * * LOW HITPOINT WARNING * * *
Snorg closely misses you. x2; Snorg claws you!
* * * LOW HITPOINT WARNING * * *
Snorg claws you!
* * * LOW HITPOINT WARNING * * *
Unknown command.
Unknown command.
Unknown command.
Unknown command.
As you read the scroll labelled VISSOSHRICO, it crumbles to dust.
Magic quickly surges around you.
It was a scroll of vulnerability.
You block the komodo dragon's attack. Snorg misses you.
Snorg closely misses you. You block Snorg's attack.
As you read the scroll labelled QOHEIP FYIDUH, it crumbles to dust.
It is a scroll of brand weapon.
You aren't carrying any weapons that can be branded.
Snorg bites you!!
You die...

# ##...##
#PP♣♣.♣♣≈P#P #....#
#.≈.≈)≈P≈P#. #....#
##≈..)≈♣.##. #....#
#####.####.. ##...#
#.....# #... #...##
#.....# #... #...##
#...### #... #....#
##...# #... #..Y##
#P...# ###.. #..lT#
#....####.#..
##...#
#..##'.##.#.##
#.... #..#...#....#
#....###...8....###
...###
####.....#### ##..
#...##.#.# ##.
#.#........
##......8..


You could see Snorg (berserk, weak-willed) and a komodo dragon (weak-willed).

Vanquished Creatures
  Gastronok (Lair:1)
  A rakshasa (D:12)
  4 hydras
  A catoblepas (D:13)
  2 boulder beetles (D:12)
  Erica (D:9)
  A two-headed ogre (D:6)
  Urug (Lair:1)
  Sonja (D:10)
  A phantasmal warrior (D:13)
  A lindwurm (D:13)
  A deep elf pyromancer (D:13)
  2 cyclopes
  A black mamba (Lair:1)
  3 torpor snails (Lair:2)
  Joseph (Lair:1)
  5 cane toads
  An unseen horror (D:11)
  2 gargoyles
  A rime drake (shapeshifter) (D:13)
  A kobold demonologist (D:11)
  4 komodo dragons
  2 rime drakes (Lair:3)
  3 trolls
  A troll (shapeshifter) (D:13)
  A tyrant leech (shapeshifter) (D:10)
  A polar bear (Lair:1)
  A hornet (Lair:3)
  9 slime creatures
  A meliai zombie (D:11)
  Grinder (Temple)
  7 dream sheep (Lair:3)
  A wraith (D:13)
  A shadow (D:12)
  2 wyverns
  39 yaks
  3 water elementals
  A vampire (D:11)
  Grum (D:8)
  2 steam dragons
  Menkaure (D:5)
  2 wargs (D:10)
  2 nagas (Lair:3)
  3 acid dragons
  3 water moccasins
  A sky beast (D:5)
  3 necrophages
  2 ice beasts
  7 orc warriors
  3 ogres
  5 wolves
  10 centaurs
  A phantom (D:4)
  16 kobold brigands
  7 bullfrogs
  2 gnoll sergeants (D:11)
  2 wyvern zombies
  A scorpion (D:4)
  A wyvern skeleton (D:6)
  5 killer bees (D:10)
  18 wights
  5 electric eels
  2 howler monkeys
  3 centaur zombies
  A bullfrog zombie (D:6)
  8 orc priests
  A hound (D:6)
  8 jellies
  4 iguanas
  A scorpion zombie (D:5)
  7 orc wizards
  A hound zombie (D:5)
  A hound skeleton (D:4)
  6 adders
  8 gnolls (D:11)
  A shadow imp (D:5)
  2 ufetubi
  2 worms
  2 dart slugs
  44 orcs
  11 ball pythons
  12 endoplasms
  3 giant cockroaches
  4 goblins
  5 hobgoblins
  3 jackals (D:1)
  27 kobolds
  3 quokkas
  7 bats
  3 frilled lizards
  6 rats
400 creatures vanquished.

Vanquished Creatures (collateral kills)
  A hydra (Lair:1)
1 creature vanquished.

Vanquished Creatures (others)
  17 fungi
  7 plants
24 creatures vanquished.

Grand Total: 425 creatures vanquished

Notes
Turn   | Place    | Note
-------+----------+-------------------------------------------
     0 | D:1      | MisterFreud the Draconian Transmuter began the quest for
                  | the Orb.
     0 | D:1      | Reached XP level 1. HP: 16/16 MP: 3/3
   197 | D:1      | Reached XP level 2. HP: 23/23 MP: 3/5
   245 | D:1      | Learned a level 2 spell: Wereblood
  1026 | D:2      | Reached XP level 3. HP: 26/28 MP: 4/6
  1213 | D:2      | Found a faded altar of an unknown god.
  1864 | D:3      | Noticed an ice beast
  1874 | D:3      | Learned a level 3 spell: Spider Form
  2077 | D:3      | Reached XP level 4. HP: 31/35 MP: 5/7
  2247 | D:3      | Killed an ice beast
  2248 | D:3      | Reached skill level 5 in Transmutations
  2248 | D:3      | Reached XP level 5. HP: 8/41 MP: 5/8
  3148 | D:4      | Noticed a phantom
  3167 | D:4      | Killed a phantom
  3425 | D:4      | Reached XP level 6. HP: 51/51 MP: 5/9
  4217 | D:5      | Entered Level 5 of the Dungeon
  4227 | D:5      | Reached skill level 5 in Unarmed Combat
  4251 | D:5      | Noticed Grinder
  4257 | D:5      | Found a staircase to the Ecumenical Temple.
  4268 | D:5      | Paralysed by Grinder for 7 turns
  4278 | Temple   | Entered the Ecumenical Temple
  4532 | Temple   | Killed Grinder
  4533 | Temple   | Your scales start taking on an icy white colour.
  4533 | Temple   | Reached XP level 7. HP: 26/59 MP: 7/10
  4533 | Temple   | Gained mutation: Your flesh is cold resistant. (rC+) [White
                  | Draconian growth]
  4822 | Temple   | Became a worshipper of Ru the Awakened
  5236 | D:5      | Reached XP level 8. HP: 54/66 MP: 9/11
  5535 | D:5      | Reached skill level 5 in Dodging
  6028 | D:5      | Noticed Menkaure
  6040 | D:5      | Killed Menkaure
  6941 | D:6      | Found an opulent altar of Gozag.
  7047 | D:6      | Noticed a two-headed ogre
  7064 | D:6      | Killed a two-headed ogre
  7065 | D:6      | Reached XP level 9. HP: 27/71 MP: 12/15
  7891 | D:7      | Learned a level 4 spell: Ice Form
  7955 | D:7      | Found the +7 staff of the Meek {protect, meekguard}
  8078 | D:7      | Reached skill level 1 in Ice Magic
  8463 | D:7      | Found Vokiu's Distillery.
  8469 | D:7      | Bought a potion of heal wounds for 60 gold pieces
  8469 | D:7      | Bought a potion of heal wounds for 60 gold pieces
  8469 | D:7      | Bought a potion of invisibility for 96 gold pieces
  9556 | D:8      | Reached skill level 5 in Fighting
  9626 | D:8      | HP: 1/88 [wyvern (6)]
 10071 | D:8      | Noticed a cyclops
 10072 | D:8      | Noticed a gargoyle
 10120 | D:8      | Killed a gargoyle
 10121 | D:8      | Reached XP level 10. HP: 47/83 MP: 6/16
 10322 | D:8      | Killed a cyclops
 10699 | D:8      | Found a staircase to the Lair.
 10826 | D:8      | Noticed Grum
 10835 | D:8      | Killed Grum
 11297 | D:8      | Found a burning altar of Makhleb.
 12080 | D:9      | Noticed Erica
 12098 | D:9      | Killed Erica
 12937 | D:10     | Entered Level 10 of the Dungeon
 13053 | D:10     | Noticed Sonja
 13058 | D:10     | Killed Sonja
 13154 | D:10     | Reached XP level 11. HP: 90/94 MP: 13/17
 13905 | D:10     | Found a staircase to the Orcish Mines.
 13913 | D:10     | Noticed an ettin
 13919 | D:10     | an ettin changed into a tyrant leech
 14265 | D:11     | Noticed a boulder beetle
 14787 | D:11     | Reached skill level 10 in Unarmed Combat
 15030 | D:11     | Reached skill level 10 in Dodging
 15035 | D:11     | Reached skill level 1 in Evocations
 15395 | D:11     | Gained mutation: You are somewhat unskilled. (-1 Apt) [Ru
                  | sacrifice]
 15395 | D:11     | Reached * piety under Ru
 15910 | D:11     | Noticed a five-headed hydra
 15922 | D:11     | Killed a five-headed hydra
 16668 | D:12     | Reached XP level 12. HP: 92/100 MP: 10/18
 17419 | D:12     | Noticed a boulder beetle
 17439 | D:12     | Killed a boulder beetle
 17655 | D:12     | Noticed a rakshasa
 17679 | D:12     | Killed a rakshasa
 17680 | D:12     | Reached skill level 5 in Evocations
 18029 | D:12     | Noticed a boulder beetle
 18041 | D:12     | Killed a boulder beetle
 19031 | D:13     | Noticed a catoblepas
 19048 | D:13     | Killed a catoblepas
 19049 | D:13     | Reached skill level 10 in Unarmed Combat
 19658 | D:13     | Reached skill level 10 in Dodging
 20254 | D:13     | Found a gate to the Vaults.
 20317 | D:13     | Noticed a centaur warrior
 20419 | Lair:1   | Entered Level 1 of the Lair of Beasts
 20506 | Lair:1   | Identified the +1 ring mail of the Falcon {Slay+2}
 20725 | Lair:1   | Noticed an eight-headed hydra
 20733 | Lair:1   | Killed an eight-headed hydra
 20734 | Lair:1   | Noticed a five-headed hydra
 20745 | Lair:1   | Killed a five-headed hydra
 20992 | Lair:1   | Noticed Gastronok
 20992 | Lair:1   | Noticed a five-headed hydra
 21005 | Lair:1   | Killed a five-headed hydra
 21031 | Lair:1   | Killed Gastronok
 21032 | Lair:1   | Reached XP level 13. HP: 80/107 MP: 19/19
 21210 | Lair:1   | Noticed Joseph
 21660 | Lair:1   | Gained mutation: You cannot be stealthy. [Ru sacrifice]
 21660 | Lair:1   | Reached ** piety under Ru
 21839 | Lair:1   | Noticed Urug
 21852 | Lair:1   | Killed Urug
 21878 | Lair:1   | Killed Joseph
 22332 | Lair:1   | Reached skill level 10 in Evocations
 24144 | Lair:2   | Found a snail-covered altar of Cheibriados.
 25003 | Lair:3   | Found a staircase to the Snake Pit.
 25264 | Lair:3   | Noticed Snorg
 25277 | Lair:3   | Slain by Snorg

Illustrated notes

Levels and vault maps discovered:
D:1:      wheals_arrival_shading, layout_loops_ring
D:2:      layout_basic, hellmonk_ecumenical_altar_arch_garden
D:3:      layout_loops_cross
D:4:      minmay_chambers_of_twos, layout_loops_ring
D:5:      layout_layer_cave, minmay_temple_entry_butterflies, uniq_menkaure,
          uniq_grinder
D:6:      layout_basic, mainiacjoe_overflow_chevrons, grunt_ministairs_2
D:7:      layout_loops_cross, serial_shops, shop, pf_guarded_unrand_meek
D:8:      kennysheep_blocky_room, layout_loops_ring, bloody_makhleb,
          lair_entry_dummy, uniq_grum
D:9:      layout_irregular_city, kennysheep_generic_room_11, uniq_erica
D:10:     layout_irregular_city, minmay_orc_entry_guard_dogs, uniq_sonja
D:11:     layout_roguey [special_room_orc], special_room [special_room_kobold]
D:12:     layout_basic, serial_rivers, chequers_serial_rivers_large_b,
          chequers_serial_rivers_micro_b, chequers_serial_rivers_micro_b,
          chequers_serial_rivers_small_b, chequers_serial_rivers_micro_b,
          hangedman_corner_corridor
D:13:     layout_roguey, david_vaults_4, chequers_big_river, minivault_20,
          drop_trap
Temple:   mainiacjoe_temple_big_plus
Lair:1:   layout_cave_pods, serial_bayou_shore_a, lemuel_fruit_fields,
          infiniplex_staircase_pool_2, grunt_megastairs_1, uniq_gastronok,
          uniq_urug, uniq_joseph
Lair:2:   lemuel_slime, layout_cave_pods, kennysheep_snail_temple,
          lemuel_fruit_tree
Lair:3:   layout_concentric_octagons, guppyfry_snake_entry_garden,
          serial_bayou_shore_b, serial_bayou_shore_b, serial_bayou_shore_b,
          grunt_megastairs_4, uniq_snorg

Skill      XL: |  1  2  3  4  5  6  7  8  9 10 11 12 13 |
---------------+----------------------------------------+-----
Transmutations | 3 4 5 7 8 7 8 |  8.0
Fighting       | 3 4 5 8 7 8 9 |  9.4
Unarmed Combat | 4 6 7 8 9 10 | 10.9
Dodging        | 2 4 6 8 9 10 | 10.0
Spellcasting   | 4 4 |  4.0
Ice Magic      | 4 4 |  4.0
Evocations     | 4 9 10 | 10.0

Action                   |  1- 3 |  4- 6 |  7- 9 | 10-12 | 13-15 || total
-------------------------+-------+-------+-------+-------+-------++-------
Melee: Unarmed           |    95 |   132 |   299 |   699 |   240 ||  1465
       Kick              |    21 |     6 |       |       |       ||    27
       Headbutt          |    13 |    10 |     1 |       |       ||    24
       Tailslap          |     8 |     9 |     9 |     3 |     2 ||    31
       Punch             |       |     2 |     1 |     1 |     1 ||     5
 Cast: Beastly Appendage |    28 |    12 |     1 |     2 |     1 ||    44
       Spider Form       |       |    11 |    24 |     1 |       ||    36
       Ice Form          |       |       |     8 |    55 |    23 ||    86
       Wereblood         |       |       |     1 |       |       ||     1
Invok: Reject Sacrifices |       |       |     1 |       |       ||     1
       Sacrifice Skill   |       |       |       |     1 |       ||     1
       Sacrifice Stealth |       |       |       |       |     1 ||     1
Evoke: Wand              |       |       |       |    10 |     1 ||    11
       Box of beasts     |       |       |       |     1 |       ||     1
  Use: Scroll            |       |     6 |     2 |    10 |     9 ||    27
 Stab: Sleeping          |     2 |       |       |       |       ||     2
Armor: Skin              |    25 |    30 |    44 |   110 |    21 ||   230
Dodge: Dodged            |    65 |    86 |   299 |   426 |   131 ||  1007
Block: Other             |       |       |       |   102 |    32 ||   134
       Reflection        |       |       |       |     6 |     2 ||     8
